 Dungeon Crawl Stone Soup version 0.28-a0-474-g535839065c (webtiles) character file.

Game seed: 6453063061607160207

1496 frimble the Covert (level 8, -12/54 HPs)
             Began as an Octopode Warper on Sept 16, 2021.
             Killed from afar by a steam dragon (30 damage)
             ... with a ball of steam
             ... on level 6 of the Dungeon.
             The game lasted 00:07:14 (6736 turns).

frimble the Covert (Octopode Warper)                Turns: 6736, Time: 00:07:14

Health: -12/54     AC: -3    Str: 11    XL:     8   Next: 81%
Magic:  6/11       EV: 13    Int: 17    God:
Gold:   288        SH:  0    Dex: 11    Spells: 6/11 levels left

rFire   . . .      SeeInvis .   m - +7 short sword (holy)
rCold   + . .      Faith    .   (no shield)
rNeg    . . .      Spirit   .   (helmet restricted)
rPois   .          Reflect  .   (no amulet)
rElec   .          Harm     .   k - ring of protection from cold
rCorr   .          Rampage  .   (no ring)
Will    .....                   (no ring)
Stlth   +++++.....              (no ring)
HPRegen 0.18/turn               (no ring)
MPRegen 0.12/turn               (no ring)
                                (no ring)
                                (no ring)

@: corroded
A: almost no armour, amphibious, 8 rings, camouflage 1, gelatinous body 1,
(nimble swimmer 1), tentacles
a: no special abilities


You were on level 6 of the Dungeon.
You visited 1 branch of the dungeon, and saw 6 of its levels.

You collected 288 gold pieces.

Inventory:

Hand Weapons
 m - a +7 short sword of holy wrath (weapon)
 p - a +0 dagger of draining
 s - a +0 rapier of electrocution
Missiles
 a - a boomerang (quivered)
 c - 3 boomerangs of dispersal
Jewellery
 k - a ring of protection from cold (left tentacle)
 q - a +6 ring of intelligence
Wands
 o - a wand of polymorph (8)
Scrolls
 b - a scroll of blinking
 g - a scroll of enchant weapon
Potions
 d - 6 potions of curing
 e - a potion of might
 f - 4 potions of mutation
 h - 2 potions of haste {unknown}
 i - 2 potions of brilliance {unknown}
 j - a potion of heal wounds {unknown}
 l - a potion of attraction {unknown}
 n - 2 potions of flight {unknown}
 r - a potion of resistance {unknown}
 u - a potion of lignification {unknown}


   Skills:
 + Level 4.6 Fighting
 + Level 7.2 Short Blades
 + Level 3.6 Throwing
 - Level 2.3 Dodging
 - Level 8.0 Stealth
 - Level 2.0 Spellcasting
 - Level 3.0 Translocations


You had 6 spell levels left.
You knew the following spells:

 Your Spells              Type           Power      Damage    Failure   Level
a - Blink                 Tloc           N/A        N/A       9%          2
b - Gell's Gravitas       Tloc           6%         N/A       17%         3

Your spell library contained the following spells:

 Spells                   Type           Power      Damage    Failure   Level
 Lesser Beckoning         Tloc           12%        N/A       17%         3
 Teleport Other           Tloc           12%        N/A       17%         3
 Sublimation of Blood     Necr           0%         N/A       28%         2
 Portal Projectile        Hex/Tloc       12%        N/A       30%         3
 Call Canine Familiar     Summ           1%         N/A       50%         3
 Manifold Assault         Tloc           12%        N/A       83%         5
 Leda's Liquefaction      Hex/Erth       0%         N/A       88%         4
 Petrify                  Tmut/Erth      1%         N/A       88%         4
 Irradiate                Conj/Tmut      0%         3d14      99%         5


Dungeon Overview and Level Annotations

Branches:
Dungeon (6/15)             Temple (0/1) D:4

Altars:

Shops:
D:5 !

Annotations:
D:4 Dowan, Duvessa


Innate Abilities, Weirdness & Mutations

You cannot wear most types of armour.
You are amphibious.
You can wear up to eight rings at the same time.
Your skin changes colour to match your surroundings (Stealth+).
Your rubbery body absorbs attacks. (AC +1, EV +1)
((You are camouflaged near water. (Stealth+)))
You have tentacles for arms and can constrict up to eight enemies at once.


Message History

You blink.
Okay, then.
You puncture the jelly!
Your tentacles burn!
The jelly is heavily wounded.
The jelly hits you. The acid corrodes you!
You are splashed with acid.
Casting: Blink (safe; 9% risk of failure)
Confirm with . or Enter, or press ? or * to list all spells.
You blink.
The steam dragon breathes steam at you. The ball of steam misses you.
Casting: Blink (safe; 9% risk of failure)
Confirm with . or Enter, or press ? or * to list all spells.
You blink.
Throw: boomerang
Press: ? - help, Q - select action, (/) - cycle Shift-Dir - straight line, f - jelly
Aim: a jelly (steam, almost dead, 89% to hit)
You throw a boomerang.
The boomerang hits the jelly but does no damage.
The jelly is almost dead.
The jelly is engulfed in a cloud of scalding steam.
The jelly dies!
Throw: boomerang
Press: ? - help, Q - select action, (/) - cycle Shift-Dir - straight line, f - steam dragon
Aim: a steam dragon (heavily wounded, 59% to hit)
You throw a boomerang. The boomerang hits the steam dragon!
The steam dragon is severely wounded.
Throw: boomerang
Press: ? - help, Q - select action, (/) - cycle Shift-Dir - straight line, f/p - steam dragon
Aim: a steam dragon (severely wounded, 59% to hit)
You throw a boomerang. The boomerang hits the steam dragon.
The steam dragon is almost dead.
The steam dragon breathes steam at you. The ball of steam hits you!
* * * LOW HITPOINT WARNING * * *
Okay, then.
You feel better. The steam dragon breathes steam at you.
The ball of steam hits you!!
Ouch! That really hurt!
You die...

#######..# ##..
#.........##...
#.#####......# ##
##.#####(..#..##.#
....§.............
####..§.#.!##..##
..##..D...#..##.
#.##.§..#..# .#
#.##@....##.#
..##...##..
#####.##.##.####
................
#####.##.##.####
..##...##..
...##.....##.#
...##.......##.#
..##.........##.


You could see a steam dragon (catching breath).

Vanquished Creatures
  A troll (D:5)
  Grinder (D:3)
  Edmund (D:4)
  3 ogres
  A phantom (D:4)
  Blork the orc (D:4)
  A howler monkey (D:2)
  A centaur skeleton (D:5)
  A jelly (D:5)
  A hound (D:5)
  Jessica (D:3)
  Natasha (twice) (D:3)
  Terence (D:2)
  Ijyb (D:3)
  A hound skeleton (D:4)
  Robin (D:3)
  8 gnolls
  6 adders
  A white imp (D:5)
  An ufetubus (D:5)
  An adder skeleton (D:2)
  2 worms (D:2)
  2 dart slugs
  7 orcs
  6 ball pythons
  4 bats
  7 endoplasms
  6 giant cockroaches
  14 goblins
  17 hobgoblins
  3 quokkas
  A frilled lizard (D:3)
  12 kobolds
  7 rats
124 creatures vanquished.

Vanquished Creatures (others)
  A jelly (D:6)
  4 plants (D:3)
5 creatures vanquished.

Grand Total: 129 creatures vanquished

Notes
Turn   | Place    | Note
-------+----------+-------------------------------------------
     0 | D:1      | frimble the Octopode Warper began the quest for the Orb.
     0 | D:1      | Reached XP level 1. HP: 14/14 MP: 3/3
   354 | D:1      | Reached skill level 1 in Stealth
   354 | D:1      | Reached XP level 2. HP: 19/19 MP: 5/5
   518 | D:1      | Reached skill level 2 in Stealth
   746 | D:1      | Reached XP level 3. HP: 24/24 MP: 6/6
   797 | D:1      | Learned a level 2 spell: Blink
  1282 | D:2      | Reached skill level 3 in Stealth
  1667 | D:2      | Reached XP level 4. HP: 29/29 MP: 7/7
  1697 | D:2      | Reached skill level 4 in Stealth
  1713 | D:2      | Noticed Terence
  1732 | D:2      | Killed Terence
  1733 | D:2      | Reached XP level 5. HP: 20/34 MP: 8/8
  2262 | D:3      | Noticed Natasha
  2269 | D:3      | Killed Natasha
  2270 | D:3      | Noticed Jessica
  2274 | D:3      | Killed Jessica
  2275 | D:3      | Reached skill level 5 in Stealth
  2687 | D:3      | Reached XP level 6. HP: 39/39 MP: 9/9
  2689 | D:3      | Noticed Ijyb
  2692 | D:3      | Killed Ijyb
  2699 | D:3      | Learned a level 3 spell: Gell's Gravitas
  3041 | D:3      | Noticed Grinder
  3042 | D:3      | Paralysed by Grinder for 3 turns
  3050 | D:3      | Killed Grinder
  3051 | D:3      | Reached skill level 5 in Short Blades
  3051 | D:3      | Reached skill level 7 in Stealth
  3051 | D:3      | Reached XP level 7. HP: 20/45 MP: 10/10
  3311 | D:3      | Noticed Robin
  3328 | D:3      | Killed Robin
  3523 | D:3      | Noticed Natasha
  3530 | D:3      | Killed Natasha
  3841 | D:4      | Noticed Duvessa
  3842 | D:4      | Noticed Dowan
  3845 | D:4      | Noticed Edmund
  4711 | D:4      | Noticed Blork the orc
  4717 | D:4      | Killed Blork the orc
  4843 | D:4      | Reached skill level 8 in Stealth
  4909 | D:5      | Entered Level 5 of the Dungeon
  5270 | D:5      | Reached XP level 8. HP: 52/52 MP: 11/11
  5351 | D:5      | Found Emuahoy's Distillery.
  5494 | D:5      | Noticed a troll
  5497 | D:5      | Killed a troll
  5956 | D:4      | Killed Edmund
  6238 | D:4      | Found a staircase to the Ecumenical Temple.
  6736 | D:6      | Killed from afar by a steam dragon

Illustrated notes

Levels and vault maps discovered:
D:1:      roderic_chinese_lattice_arrival, layout_basic, minivault_4
D:2:      layout_basic, minmay_increasing_density, uniq_terence
D:3:      layout_loops_ring, saegor_snake_ambush, uniq_ijyb, uniq_natasha,
          uniq_jessica, uniq_grinder, uniq_robin
D:4:      layout_gridville, minmay_temple_entry_drinking_statues,
          lightli_ossuary_entry_decrepit_ruins, serial_bayou_crossing,
          uniq_duvessa, uniq_blork_the_orc, uniq_edmund
D:5:      layout_loops_ring, serial_shops, kennysheep_mini
D:6:      layout_basic, minmay_parallelograms, uniq_eustachio

Skill      XL: |  1  2  3  4  5  6  7  8 |
---------------+-------------------------+-----
Stealth        | 1 2 3 4 5 7 8 |  8.0
Short Blades   | 3 4 5 6 7 |  7.2
Fighting       | 3 4 |  4.6
Throwing       | 3 |  3.6
Dodging        | |  2.3
Spellcasting   | |  2.0
Translocations | |  3.0

Action                   |  1- 3 |  4- 6 |  7- 9 || total
-------------------------+-------+-------+-------++-------
Melee: Short sword       |    82 |    81 |    99 ||   262
       Constrict         |    15 |    19 |    17 ||    51
       Tentacles         |     7 |    11 |    12 ||    30
Throw: Boomerang         |     2 |       |    20 ||    22
 Cast: Blink             |     2 |     1 |     6 ||     9
  Use: Scroll            |     1 |     2 |     5 ||     8
       Potion            |       |       |     1 ||     1
 Stab: Sleeping          |     8 |     5 |    13 ||    26
       Distracted        |       |       |     1 ||     1
Armor: Skin              |     8 |     1 |     2 ||    11
Dodge: Dodged            |    66 |    28 |    38 ||   132

Table legend: (Time is in decaauts)
 A = Elapsed time spent in this place.
 B = Non-inter-level travel time spent in this place.
 C = Inter-level travel time spent in this place.
 D = Time resting spent in this place.
 E = Time spent auto-exploring this place.
 F = Levels seen in this place.
 G = Mean time per level.
                   A        B        C        D        E       F      G
               +--------+--------+--------+--------+--------+-----+--------+
         Total |   6712 |   6473 |    239 |    132 |   5358 |   6 | 1118.7 |
       Dungeon |   6712 |   6473 |    239 |    132 |   5358 |   6 | 1118.7 |
               +--------+--------+--------+--------+--------+-----+--------+

Top non-repeatable levels by time:
     D:2: 2002 daAuts
     D:3: 1525 daAuts
     D:4: 1269 daAuts
     D:5: 1022 daAuts
     D:1: 823 daAuts
     D:6: 69 daAuts
